Barracuda vs Wolf Pack

Created - 14 octobre 2023 at 09:37

Goals
1 2 3 T
Barracuda 0 3 0 3
Wolf Pack 0 0 1 1
Shots
1 2 3 T
Barracuda 5 9 4 18
Wolf Pack 3 12 3 18

GoalsPenalties
1st period
No Goal
No Penalty
2nd period
1. Barracuda , Elmer Soderblom 5 (Mike Vecchione 8) at 5:52 (PP)
2. Barracuda , Elmer Soderblom 6 (Mike Vecchione 9, Kaiden Guhle 9) at 7:34
3. Barracuda , Alex Gallant 3 (Maxim Marushev 2) at 19:07
Adam Clendening (NYR) for Tripping (Minor) at 2:43
Viktor Lodin (NYR) for High sticking (Minor) at 5:42
3rd period
4. Wolf Pack , Logan Brown 9 (Mark Friedman 9) at 10:31
William Lagesson (S J) for Roughing (Minor) at 14:36
Zac Jones (NYR) for Hooking (Minor) at 16:48
Goalie Stats
Michael Houser (S J), 17 saves from 18 shots - (0,944), W, 8-8-3, 60:00 minutes
Alex Lyon (NYR), 15 saves from 18 shots - (0,833), L, 6-3-1, 60:00 minutes
3 StarsOfficial
1 - Elmer Soderblom (S J)
2 - Alex Gallant (S J)
3 - Mike Vecchione (S J)
Referees : Garrett Rank and Wes McCauley
Linesman : Kilian McNamara and Alexandra Clarke
Game Note
5:52 of 2nd period - Barracuda goal is going for a video replay. After video review, Goal.



Team Name Goals Shots Shots Attemp Shots Blocked PIM HIT PP PK FO%
Barracuda 3185882221 / 3 (33%)055%
Wolf Pack 11833206240 / 1 (0%)145%

Barracuda
Player Name POS G A P +/- PIM HIT SHT SB MP PP MP PP SHT PK MP PK SHT FO% FOT GA TA
Alex GallantLW1011011014:150:0100:3600% 001
David JiricekD0001000014:260:0001:0900% 010
Dylan SambergD000-1010122:192:0500:5000% 010
Elmer SoderblomC/LW2021034024:172:3221:01052% 2320
Kaiden GuhleD011-1022326:202:0500:5000% 010
Max McCormickLW0002033124:382:3201:0100% 140
Maxim MarushevC0111011012:590:0000:00067% 900
Michael CallahanD000000004:010:0000:0000% 000
Mike VecchioneC/RW0221000014:032:3200:28050% 200
Mitchell BalmasC000000004:450:0100:0000% 000
Nikita PavlychevC/LW/RW000-1010018:351:3500:000100% 100
Pontus AndreassonC/LW0000021013:100:0100:00083% 600
Rudolfs BalcersLW/RW000-1053019:111:3510:2200% 110
Ryan WagnerLW0000011013:190:0000:3000% 000
Tanner FritzC/LW/RW000-1020118:421:3500:00025% 400
Tobie Paquette-BissonD0001000013:170:0000:0000% 001
Tyler KlevenD0001002220:232:0301:0900% 010
William LagessonD0001200019:202:0300:0000% 000
Wolf Pack
Player Name POS G A P +/- PIM HIT SHT SB MP PP MP PP SHT PK MP PK SHT FO% FOT GA TA
Adam ClendeningD0000223323:561:3201:1100% 000
Brian PinhoC/RW0001020013:480:0700:00020% 501
Dominik ShineRW000-1031017:080:0600:0000% 000
Dysin MayoD000-1020219:390:2701:3100% 003
Henry BowlbyC0000002116:540:4901:05033% 1211
Jared McIsaacD0000000116:330:0001:3200% 000
Kirill MarchenkoRW000-1013115:181:0410:0000% 010
Logan BrownC/LW1010024024:051:0402:3400% 100
Logan HutskoC000-1001017:360:4100:41050% 800
Lucas EdmondsLW/RW0000030017:210:4901:0500% 101
Lukas SvejkovskyC000000000:000:0000:0000% 000
Mark FriedmanD0110011425:341:3202:3700% 001
Oskar BackC/RW000-1001225:371:1102:31060% 2000
Oskar OlaussonRW0001011010:500:0000:0000% 001
Oskari LaaksonenD0000030115:010:0000:0000% 000
Ryder KorczakC000000000:000:0000:0000% 000
Viktor LodinC/LW000-1200216:570:0600:2000% 002
Zac JonesD000-1241319:320:2701:2500% 001

Barracuda

5 vs 5 Forward
Line #Left WingCenterRight WingPHYDFOFWanted %Time %Time Play
1Max McCormickElmer SoderblomMike Vecchione1224022%11:39
2Rudolfs BalcersTanner FritzNikita Pavlychev1223031%16:55
3Ryan WagnerPontus AndreassonElmer Soderblom1222023%12:20
4Alex GallantMaxim MarushevMax McCormick1221024%12:59
5 vs 5 Defense
Line #DefenseDefensePHYDFOFWanted %Time %Time Play
1Kaiden GuhleDylan Samberg1224036%19:24
2William LagessonTyler Kleven1223032%17:11
3Tobie Paquette-BissonDavid Jiricek1222025%13:17
4Michael CallahanKaiden Guhle122107%4:01
Power Play Forward
Line #Left WingCenterRight WingPHYDFOFWanted %Time %Time Play
1Max McCormickElmer SoderblomMike Vecchione1226062%2:33
2Rudolfs BalcersTanner FritzNikita Pavlychev1224038%1:35
Power Play Defense
Line #DefenseDefensePHYDFOFWanted %Time %Time Play
1Kaiden GuhleDylan Samberg1226050%2:05
2William LagessonTyler Kleven1224050%2:03
Penalty Kill 4 Players Forward
Line #CenterWingPHYDFOFWanted %Time %Time Play
1Elmer SoderblomMax McCormick1226082%1:37
2Mike VecchioneRudolfs Balcers1224018%0:22
Penalty Kill 4 Players Defense
Line #DefenseDefensePHYDFOFWanted %Time %Time Play
1Kaiden GuhleDylan Samberg1226042%0:50
2William LagessonTyler Kleven1224058%1:09
Penalty Kill 3 Players
Line #WingPHYDFOFWanted %Time %Time PlayDefenseDefensePHYDFOFWanted %Time %Time Play
1Elmer Soderblom122600%0:00 Kaiden GuhleDylan Samberg122600%0:00
2Max McCormick122400%0:00 William LagessonTyler Kleven122400%0:00
4 vs 4 Forward
Line #CenterWingPHYDFOFWanted %Time %Time Play
1Elmer SoderblomMax McCormick122600%0:00
2Mike VecchioneRudolfs Balcers122400%0:00
4 vs 4 Defense
Line #DefensePHYDFOFWanted %Time %Time Play
1Kaiden GuhleDylan Samberg122600%0:00
2William LagessonTyler Kleven122400%0:00
Last Minutes Offensive
Left WingCenterRight WingDefenseDefense
Max McCormickElmer SoderblomMike VecchioneKaiden GuhleDylan Samberg
Last Minutes Defensive
Left WingCenterRight WingDefenseDefense
Max McCormickElmer SoderblomMike VecchioneKaiden GuhleDylan Samberg
Time
Total ForwardTotal DefenseLast Minutes OffensiveLast Minutes Defensive
60:00 60:00 0:000:00
Extra Forwards
Normal PowerPlayPenalty Kill
Mitchell Balmas, Pontus Andreasson, Ryan WagnerMitchell Balmas, Pontus AndreassonRyan Wagner
Extra Defensemen
Normal PowerPlayPenalty Kill
Tobie Paquette-Bisson, David Jiricek, Michael CallahanTobie Paquette-Bisson, David JiricekMichael Callahan
Penalty Shots
Elmer Soderblom, Max McCormick, Mike Vecchione, Rudolfs Balcers, Tanner Fritz
Goalie
Michael Houser, Kaden Fulcher
Scratches
Brandon Baddock (Healthy), Maxim Golod (Healthy), Tristan Mullin (Healthy), Butrus Ghafari (Healthy), Gianni Fairbrother (Healthy) Morgan Adams-Moisan (Healthy), Tommy Apap (Healthy), Kirill Tyutyayev (Healthy), Jesper Vikman (Healthy)

Wolf Pack

5 vs 5 Forward
Line #Left WingCenterRight WingPHYDFOFWanted %Time %Time Play
1Logan BrownOskar BackKirill Marchenko1224027%14:25
2Lucas EdmondsHenry BowlbyOskar Back1223025%13:26
3Viktor LodinLogan HutskoDominik Shine1222028%15:12
4Logan BrownBrian PinhoOskar Olausson1221020%10:50
5 vs 5 Defense
Line #DefenseDefensePHYDFOFWanted %Time %Time Play
1Mark FriedmanAdam Clendening1224035%18:39
2Dysin MayoZac Jones1223033%17:41
3Jared McIsaacOskari Laaksonen1222028%15:01
4Mark FriedmanAdam Clendening122105%2:32
Power Play Forward
Line #Left WingCenterRight WingPHYDFOFWanted %Time %Time Play
1Logan BrownOskar BackKirill Marchenko1226059%1:10
2Lucas EdmondsHenry BowlbyOskar Back1224041%0:49
Power Play Defense
Line #DefenseDefensePHYDFOFWanted %Time %Time Play
1Mark FriedmanAdam Clendening1226077%1:32
2Dysin MayoZac Jones1224023%0:27
Penalty Kill 4 Players Forward
Line #CenterWingPHYDFOFWanted %Time %Time Play
1Oskar BackLogan Brown1226074%3:03
2Henry BowlbyLucas Edmonds1224026%1:05
Penalty Kill 4 Players Defense
Line #DefenseDefensePHYDFOFWanted %Time %Time Play
1Mark FriedmanAdam Clendening1226063%2:37
2Dysin MayoZac Jones1224037%1:31
Penalty Kill 3 Players
Line #WingPHYDFOFWanted %Time %Time PlayDefenseDefensePHYDFOFWanted %Time %Time Play
1Oskar Back122600%0:00 Mark FriedmanAdam Clendening122600%0:00
2Henry Bowlby122400%0:00 Dysin MayoZac Jones122400%0:00
4 vs 4 Forward
Line #CenterWingPHYDFOFWanted %Time %Time Play
1Oskar BackLogan Brown122600%0:00
2Henry BowlbyLucas Edmonds122400%0:00
4 vs 4 Defense
Line #DefensePHYDFOFWanted %Time %Time Play
1Mark FriedmanAdam Clendening122600%0:00
2Dysin MayoZac Jones122400%0:00
Last Minutes Offensive
Left WingCenterRight WingDefenseDefense
Logan BrownOskar BackKirill MarchenkoMark FriedmanAdam Clendening
Last Minutes Defensive
Left WingCenterRight WingDefenseDefense
Logan BrownOskar BackKirill MarchenkoMark FriedmanAdam Clendening
Time
Total ForwardTotal DefenseLast Minutes OffensiveLast Minutes Defensive
60:00 60:00 0:000:00
Extra Forwards
Normal PowerPlayPenalty Kill
Logan Hutsko, Lucas Edmonds, Dominik ShineLogan Hutsko, Lucas EdmondsLogan Hutsko
Extra Defensemen
Normal PowerPlayPenalty Kill
Zac Jones, Jared McIsaac, Oskari LaaksonenZac Jones, Zac JonesJared McIsaac
Penalty Shots
Kirill Marchenko, Logan Brown, Oskar Back, Henry Bowlby, Logan Hutsko
Goalie
Alex Lyon, Spencer Martin
Scratches
Jon Lizotte (Healthy), Donovan Sebrango (Healthy), Mason Morelli (Healthy), Thomas Harley (Healthy), Patrick Holway (Healthy) Taylor Ward (Healthy), Daniil Chayka (Healthy), Jami Krannila (Healthy), Jayden Struble (Healthy), Mason Lohrei (Healthy) Michael Milne (Healthy), Raivis Ansons (Healthy), Isaac Poulter (Healthy)


Play-by-Play

1st period


0:01 of 1st period - Elmer Soderblom wins face-off versus Logan Brown in neutral zone.
0:30 of 1st period - Snap shot by Dominik Shine.
0:30 of 1st period - Stopped by Michael Houser with a rebound.
0:32 of 1st period - Snap shot by Dominik Shine.
0:32 of 1st period - Shot Blocked by Kaiden Guhle.
1:04 of 1st period - Wrist shot by Logan Brown.
1:04 of 1st period - Deflect By Tyler Kleven.
1:04 of 1st period - Shot Misses the Net.
1:04 of 1st period - Puck is out of play.
1:05 of 1st period - Maxim Marushev wins face-off versus Brian Pinho in Barracuda zone.
1:18 of 1st period - Snap shot by Max McCormick.
1:18 of 1st period - Stopped by Alex Lyon without a rebound.
1:19 of 1st period - Oskar Back wins face-off versus Max McCormick in Wolf Pack zone.
1:19 of 1st period - Oskar Back is hit by Elmer Soderblom.
1:44 of 1st period - Dominik Shine is hit by Tanner Fritz and loses puck.
2:26 of 1st period - Off-side.
2:27 of 1st period - Maxim Marushev wins face-off versus Brian Pinho in neutral zone.
2:30 of 1st period - Slapshot by Tyler Kleven.
2:30 of 1st period - Deflect By Maxim Marushev.
2:30 of 1st period - Stopped by Alex Lyon without a rebound.
2:31 of 1st period - Elmer Soderblom wins face-off versus Oskar Back in Wolf Pack zone.
2:40 of 1st period - Snap shot by Elmer Soderblom.
2:40 of 1st period - Deflect By Mike Vecchione.
2:40 of 1st period - Shot Blocked by Oskar Back.
2:40 of 1st period - Puck is out of play.
2:41 of 1st period - Elmer Soderblom wins face-off versus Oskar Back in Wolf Pack zone.
3:02 of 1st period - Slapshot by Mark Friedman.
3:02 of 1st period - Stopped by Michael Houser with a rebound.
3:19 of 1st period - Wrist shot by Kirill Marchenko.
3:19 of 1st period - Stopped by Michael Houser without a rebound.
3:20 of 1st period - Logan Hutsko wins face-off versus Tanner Fritz in Barracuda zone.
4:00 of 1st period - Off-side.
4:01 of 1st period - Brian Pinho wins face-off versus Maxim Marushev in neutral zone.
4:12 of 1st period - Slapshot by Mark Friedman.
4:12 of 1st period - Shot Misses the Net.
4:49 of 1st period - Slapshot by Tyler Kleven.
4:49 of 1st period - Deflect By Oskar Back.
4:49 of 1st period - Stopped by Alex Lyon without a rebound.
4:50 of 1st period - Tanner Fritz wins face-off versus Lucas Edmonds in Wolf Pack zone.
5:04 of 1st period - Icing by Dysin Mayo.
5:05 of 1st period - Pontus Andreasson wins face-off versus Henry Bowlby in Wolf Pack zone.
5:31 of 1st period - Henry Bowlby is hit by Nikita Pavlychev.
5:32 of 1st period - Icing by Henry Bowlby.
5:33 of 1st period - Elmer Soderblom wins face-off versus Henry Bowlby in Wolf Pack zone.
5:46 of 1st period - Wrist shot by Elmer Soderblom.
5:46 of 1st period - Stopped by Alex Lyon without a rebound.
5:47 of 1st period - Elmer Soderblom wins face-off versus Logan Hutsko in Wolf Pack zone.
5:48 of 1st period - Snap shot by Max McCormick.
5:48 of 1st period - Shot Hit the Post.
6:22 of 1st period - Wrist shot by Rudolfs Balcers.
6:22 of 1st period - Shot Misses the Net.
8:35 of 1st period - Kaiden Guhle is hit by Adam Clendening and loses puck.
9:02 of 1st period - Elmer Soderblom is hit by Oskar Olausson and loses puck.
9:35 of 1st period - Mike Vecchione is hit by Brian Pinho and loses puck.
10:15 of 1st period - Mark Friedman is hit by Rudolfs Balcers and loses puck.
11:02 of 1st period - Snap shot by Elmer Soderblom.
11:02 of 1st period - Shot Misses the Net.
11:12 of 1st period - Tanner Fritz is hit by Oskari Laaksonen and loses puck.
11:51 of 1st period - Slapshot by Kaiden Guhle.
11:51 of 1st period - Stopped by Alex Lyon with a rebound.
12:43 of 1st period - Tanner Fritz is hit by Logan Brown and loses puck.
13:42 of 1st period - Icing by Rudolfs Balcers.
13:43 of 1st period - Pontus Andreasson wins face-off versus Brian Pinho in Barracuda zone.
13:43 of 1st period - Pontus Andreasson is hit by Dysin Mayo.
14:49 of 1st period - Tobie Paquette-Bisson is hit by Zac Jones and loses puck.
15:10 of 1st period - Henry Bowlby is hit by Rudolfs Balcers and loses puck.
16:47 of 1st period - Alex Gallant is hit by Lucas Edmonds and loses puck.
18:09 of 1st period - Wrist shot by Nikita Pavlychev.
18:09 of 1st period - Shot Misses the Net.
19:25 of 1st period - Zac Jones is hit by Rudolfs Balcers and loses puck.
Goals for this period are 0 for Barracuda vs 0 for Wolf Pack.
Shots for this period are 5 for Barracuda vs 3 for Wolf Pack.

2nd period


0:01 of 2nd period - Oskar Back wins face-off versus Mike Vecchione in neutral zone.
0:04 of 2nd period - Snap shot by Kirill Marchenko.
0:04 of 2nd period - Stopped by Michael Houser with a rebound.
0:34 of 2nd period - Kaiden Guhle is hit by Dominik Shine and loses puck.
0:59 of 2nd period - Snap shot by Alex Gallant.
0:59 of 2nd period - Shot Misses the Net.
1:13 of 2nd period - Backhand shot by Brian Pinho.
1:13 of 2nd period - Shot Misses the Net.
1:29 of 2nd period - Dominik Shine is hit by Rudolfs Balcers and loses puck.
1:50 of 2nd period - Maxim Marushev is hit by Lucas Edmonds and loses puck.
1:54 of 2nd period - Icing by Maxim Marushev.
1:55 of 2nd period - Henry Bowlby wins face-off versus Maxim Marushev in Barracuda zone.
2:00 of 2nd period - Snap shot by Henry Bowlby.
2:00 of 2nd period - Stopped by Michael Houser with a rebound.
2:02 of 2nd period - Slapshot by Adam Clendening.
2:02 of 2nd period - Stopped by Michael Houser with a rebound.
2:04 of 2nd period - Slapshot by Adam Clendening.
2:04 of 2nd period - Stopped by Michael Houser with a rebound.
2:20 of 2nd period - Tanner Fritz is hit by Logan Brown and loses puck.
2:34 of 2nd period - Off-side.
2:35 of 2nd period - Pontus Andreasson wins face-off versus Logan Hutsko in neutral zone.
2:43 of 2nd period - Minor Penalty to Adam Clendening for Tripping.
2:44 of 2nd period - Elmer Soderblom wins face-off versus Oskar Back in Wolf Pack zone.
2:55 of 2nd period - Off-side.
2:56 of 2nd period - Elmer Soderblom wins face-off versus Oskar Back in neutral zone.
3:07 of 2nd period - Snap shot by Elmer Soderblom.
3:07 of 2nd period - Shot Blocked by Mark Friedman.
3:11 of 2nd period - Snap shot by Mike Vecchione.
3:11 of 2nd period - Shot Misses the Net.
3:21 of 2nd period - Snap shot by Rudolfs Balcers.
3:21 of 2nd period - Shot Misses the Net.
3:23 of 2nd period - Snap shot by Tanner Fritz.
3:23 of 2nd period - Deflect By Mark Friedman.
3:23 of 2nd period - Shot Misses the Net.
3:23 of 2nd period - Puck is out of play.
3:24 of 2nd period - Nikita Pavlychev wins face-off versus Oskar Back in Wolf Pack zone.
3:39 of 2nd period - Snap shot by William Lagesson.
3:39 of 2nd period - Shot Misses the Net.
3:49 of 2nd period - Max McCormick is hit by Zac Jones.
3:53 of 2nd period - William Lagesson is hit by Lucas Edmonds.
3:59 of 2nd period - Wrist shot by Elmer Soderblom.
3:59 of 2nd period - Stopped by Alex Lyon without a rebound.
4:00 of 2nd period - Oskar Back wins face-off versus Elmer Soderblom in Wolf Pack zone.
4:21 of 2nd period - Wrist shot by Tanner Fritz.
4:21 of 2nd period - Shot Blocked by Mark Friedman.
4:23 of 2nd period - Snap shot by Rudolfs Balcers.
4:23 of 2nd period - Stopped by Alex Lyon without a rebound.
4:24 of 2nd period - Mike Vecchione wins face-off versus Henry Bowlby in Wolf Pack zone.
4:43 of 2nd period - Penalty to Adam Clendening is over, Adam Clendening is back on ice.
4:57 of 2nd period - Snap shot by Dominik Shine.
4:57 of 2nd period - Shot Blocked by Kaiden Guhle.
4:59 of 2nd period - Slapshot by Zac Jones.
4:59 of 2nd period - Stopped by Michael Houser with a rebound.
5:11 of 2nd period - Henry Bowlby is hit by Pontus Andreasson and loses puck.
5:42 of 2nd period - Minor Penalty to Viktor Lodin for High sticking.
5:43 of 2nd period - Elmer Soderblom wins face-off versus Oskar Back in Wolf Pack zone.
5:44 of 2nd period - Snap shot by Mike Vecchione.
5:44 of 2nd period - Shot Blocked by Adam Clendening.
5:46 of 2nd period - Snap shot by Mike Vecchione.
5:46 of 2nd period - Shot Blocked by Mark Friedman.
5:48 of 2nd period - Wrist shot by Elmer Soderblom.
5:48 of 2nd period - Shot Misses the Net.
5:50 of 2nd period - Slapshot by Elmer Soderblom.
5:50 of 2nd period - Shot Blocked by Oskar Back.
5:52 of 2nd period - Snap shot by Elmer Soderblom.
5:52 of 2nd period - Barracuda goal is going for a video replay.
5:52 of 2nd period - The goal is good.
5:52 of 2nd period - Goal by Elmer Soderblom - Barracuda : 1 - Wolf Pack : 0.
5:53 of 2nd period - Oskar Back wins face-off versus Elmer Soderblom in neutral zone.
6:00 of 2nd period - Wrist shot by Kirill Marchenko.
6:00 of 2nd period - Shot Blocked by Max McCormick.
6:37 of 2nd period - Slapshot by Kaiden Guhle.
6:37 of 2nd period - Deflect By Elmer Soderblom.
6:37 of 2nd period - Shot Blocked by Henry Bowlby.
6:37 of 2nd period - Puck is out of play.
6:38 of 2nd period - Pontus Andreasson wins face-off versus Henry Bowlby in Wolf Pack zone.
6:41 of 2nd period - Snap shot by Pontus Andreasson.
6:41 of 2nd period - Shot Blocked by Mark Friedman.
6:43 of 2nd period - Snap shot by Ryan Wagner.
6:43 of 2nd period - Shot Misses the Net.
6:48 of 2nd period - Icing by Mark Friedman.
6:49 of 2nd period - Elmer Soderblom wins face-off versus Henry Bowlby in Wolf Pack zone.
7:08 of 2nd period - Slapshot by Oskar Back.
7:08 of 2nd period - Stopped by Michael Houser without a rebound.
7:09 of 2nd period - Oskar Back wins face-off versus Tanner Fritz in Barracuda zone.
7:34 of 2nd period - Snap shot by Elmer Soderblom.
7:34 of 2nd period - Goal by Elmer Soderblom - Barracuda : 2 - Wolf Pack : 0.
7:35 of 2nd period - Oskar Back wins face-off versus Elmer Soderblom in neutral zone.
8:00 of 2nd period - Kaiden Guhle is hit by Dominik Shine and loses puck.
8:29 of 2nd period - Snap shot by Logan Brown.
8:29 of 2nd period - Stopped by Michael Houser with a rebound.
8:31 of 2nd period - Snap shot by Oskar Olausson.
8:31 of 2nd period - Stopped by Michael Houser without a rebound.
8:32 of 2nd period - Henry Bowlby wins face-off versus Elmer Soderblom in Barracuda zone.
9:54 of 2nd period - Icing by Zac Jones.
9:55 of 2nd period - Logan Hutsko wins face-off versus Maxim Marushev in Wolf Pack zone.
10:18 of 2nd period - Snap shot by Rudolfs Balcers.
10:18 of 2nd period - Shot Hit the Post.
10:20 of 2nd period - Wrist shot by Rudolfs Balcers.
10:20 of 2nd period - Stopped by Alex Lyon with a rebound.
10:22 of 2nd period - Slapshot by Dylan Samberg.
10:22 of 2nd period - Shot Blocked by Dysin Mayo.
10:24 of 2nd period - Snap shot by Rudolfs Balcers.
10:24 of 2nd period - Shot Misses the Net.
10:26 of 2nd period - Slapshot by Dylan Samberg.
10:26 of 2nd period - Shot Blocked by Kirill Marchenko.
10:28 of 2nd period - Wrist shot by Rudolfs Balcers.
10:28 of 2nd period - Shot Misses the Net.
10:42 of 2nd period - Kirill Marchenko is hit by Elmer Soderblom and loses puck.
12:10 of 2nd period - Oskari Laaksonen is hit by Alex Gallant and loses puck.
12:51 of 2nd period - Logan Hutsko is hit by Dylan Samberg and loses puck.
12:59 of 2nd period - Icing by Adam Clendening.
13:00 of 2nd period - Logan Hutsko wins face-off versus Rudolfs Balcers in Wolf Pack zone.
13:09 of 2nd period - Snap shot by William Lagesson.
13:09 of 2nd period - Shot Blocked by Adam Clendening.
13:11 of 2nd period - Slapshot by Rudolfs Balcers.
13:11 of 2nd period - Stopped by Alex Lyon without a rebound.
13:12 of 2nd period - Elmer Soderblom wins face-off versus Henry Bowlby in Wolf Pack zone.
13:34 of 2nd period - Dysin Mayo is hit by Tanner Fritz.
13:48 of 2nd period - Tanner Fritz is hit by Brian Pinho and loses puck.
14:06 of 2nd period - Wrist shot by Pontus Andreasson.
14:06 of 2nd period - Deflect By Elmer Soderblom.
14:06 of 2nd period - Shot Blocked by Viktor Lodin.
14:06 of 2nd period - Puck is out of play.
14:07 of 2nd period - Henry Bowlby wins face-off versus Elmer Soderblom in Wolf Pack zone.
14:14 of 2nd period - Slapshot by Adam Clendening.
14:14 of 2nd period - Stopped by Michael Houser with a rebound.
15:12 of 2nd period - Wrist shot by Ryan Wagner.
15:12 of 2nd period - Shot Misses the Net.
15:14 of 2nd period - Snap shot by Pontus Andreasson.
15:14 of 2nd period - Stopped by Alex Lyon without a rebound.
15:15 of 2nd period - Pontus Andreasson wins face-off versus Brian Pinho in Wolf Pack zone.
16:04 of 2nd period - Snap shot by Elmer Soderblom.
16:04 of 2nd period - Deflect By Max McCormick.
16:04 of 2nd period - Shot Blocked by Viktor Lodin.
16:04 of 2nd period - Puck is out of play.
16:05 of 2nd period - Elmer Soderblom wins face-off versus Logan Hutsko in Wolf Pack zone.
16:30 of 2nd period - Nikita Pavlychev is hit by Mark Friedman and loses puck.
16:35 of 2nd period - Slapshot by Logan Brown.
16:35 of 2nd period - Shot Misses the Net.
16:37 of 2nd period - Snap shot by Logan Brown.
16:37 of 2nd period - Shot Blocked by Tanner Fritz.
16:55 of 2nd period - Snap shot by Maxim Marushev.
16:55 of 2nd period - Shot Blocked by Jared McIsaac.
17:39 of 2nd period - Tyler Kleven is hit by Zac Jones and loses puck.
17:50 of 2nd period - Wrist shot by Logan Hutsko.
17:50 of 2nd period - Stopped by Michael Houser without a rebound.
17:51 of 2nd period - Logan Hutsko wins face-off versus Pontus Andreasson in Barracuda zone.
17:52 of 2nd period - Wrist shot by Dominik Shine.
17:52 of 2nd period - Shot Blocked by Dylan Samberg.
18:00 of 2nd period - Slapshot by Kaiden Guhle.
18:00 of 2nd period - Shot Blocked by Adam Clendening.
18:16 of 2nd period - Wrist shot by Henry Bowlby.
18:16 of 2nd period - Shot Misses the Net.
18:18 of 2nd period - Snap shot by Henry Bowlby.
18:18 of 2nd period - Stopped by Michael Houser with a rebound.
18:20 of 2nd period - Backhand shot by Adam Clendening.
18:20 of 2nd period - Shot Blocked by Kaiden Guhle.
18:34 of 2nd period - Snap shot by Brian Pinho.
18:34 of 2nd period - Deflect By Logan Brown.
18:34 of 2nd period - Stopped by Michael Houser without a rebound.
18:35 of 2nd period - Maxim Marushev wins face-off versus Oskar Back in Barracuda zone.
18:42 of 2nd period - Snap shot by Tyler Kleven.
18:42 of 2nd period - Stopped by Alex Lyon with a rebound.
18:44 of 2nd period - Slapshot by Tyler Kleven.
18:44 of 2nd period - Shot Blocked by Dysin Mayo.
18:46 of 2nd period - Slapshot by Max McCormick.
18:46 of 2nd period - Shot Misses the Net.
18:48 of 2nd period - Snap shot by Maxim Marushev.
18:48 of 2nd period - Shot Blocked by Zac Jones.
19:02 of 2nd period - Zac Jones is hit by Max McCormick and loses puck.
19:07 of 2nd period - Slapshot by Alex Gallant.
19:07 of 2nd period - Goal by Alex Gallant - Barracuda : 3 - Wolf Pack : 0.
19:08 of 2nd period - Oskar Back wins face-off versus Elmer Soderblom in neutral zone.
19:13 of 2nd period - Kaiden Guhle is hit by Kirill Marchenko and loses puck.
Goals for this period are 3 for Barracuda vs 0 for Wolf Pack.
Shots for this period are 9 for Barracuda vs 12 for Wolf Pack.

3rd period


0:01 of 3rd period - Elmer Soderblom wins face-off versus Oskar Back in neutral zone.
1:45 of 3rd period - Pontus Andreasson is hit by Oskari Laaksonen and loses puck.
3:28 of 3rd period - Brian Pinho is hit by Max McCormick and loses puck.
3:32 of 3rd period - Kirill Marchenko is hit by Max McCormick and loses puck.
3:45 of 3rd period - Dylan Samberg is hit by Dominik Shine and loses puck.
4:06 of 3rd period - Slapshot by David Jiricek.
4:06 of 3rd period - Shot Misses the Net.
4:08 of 3rd period - Snap shot by Mitchell Balmas.
4:08 of 3rd period - Shot Misses the Net.
4:24 of 3rd period - Oskar Olausson is hit by Pontus Andreasson and loses puck.
4:37 of 3rd period - Snap shot by Mike Vecchione.
4:37 of 3rd period - Shot Misses the Net.
5:33 of 3rd period - Mark Friedman is hit by Maxim Marushev and loses puck.
5:52 of 3rd period - Oskar Olausson is hit by Rudolfs Balcers and loses puck.
6:27 of 3rd period - Icing by William Lagesson.
6:28 of 3rd period - Maxim Marushev wins face-off versus Logan Hutsko in Barracuda zone.
6:28 of 3rd period - Maxim Marushev is hit by Dysin Mayo.
6:37 of 3rd period - Icing by William Lagesson.
6:38 of 3rd period - Maxim Marushev wins face-off versus Henry Bowlby in Barracuda zone.
7:09 of 3rd period - Tanner Fritz is hit by Oskari Laaksonen.
7:44 of 3rd period - Slapshot by Kaiden Guhle.
7:44 of 3rd period - Shot Misses the Net.
7:46 of 3rd period - Slapshot by Dylan Samberg.
7:46 of 3rd period - Shot Blocked by Oskari Laaksonen.
7:48 of 3rd period - Wrist shot by Kaiden Guhle.
7:48 of 3rd period - Stopped by Alex Lyon with a rebound.
8:21 of 3rd period - Oskari Laaksonen is hit by Ryan Wagner and loses puck.
8:47 of 3rd period - Slapshot by Maxim Marushev.
8:47 of 3rd period - Deflect By Max McCormick.
8:47 of 3rd period - Stopped by Alex Lyon without a rebound.
8:48 of 3rd period - Maxim Marushev wins face-off versus Henry Bowlby in Wolf Pack zone.
8:59 of 3rd period - Slapshot by Max McCormick.
8:59 of 3rd period - Stopped by Alex Lyon with a rebound.
10:31 of 3rd period - Snap shot by Logan Brown.
10:31 of 3rd period - Goal by Logan Brown - Barracuda : 3 - Wolf Pack : 1.
10:32 of 3rd period - Oskar Back wins face-off versus Elmer Soderblom in neutral zone.
10:43 of 3rd period - Snap shot by Elmer Soderblom.
10:43 of 3rd period - Deflect By Dysin Mayo.
10:43 of 3rd period - Shot Blocked by Zac Jones.
10:43 of 3rd period - Puck is out of play.
10:44 of 3rd period - Oskar Back wins face-off versus Elmer Soderblom in Wolf Pack zone.
11:32 of 3rd period - Henry Bowlby is hit by Kaiden Guhle and loses puck.
11:54 of 3rd period - Snap shot by Logan Brown.
11:54 of 3rd period - Stopped by Michael Houser with a rebound.
11:56 of 3rd period - Snap shot by Logan Brown.
11:56 of 3rd period - Shot Misses the Net.
13:38 of 3rd period - Wrist shot by Ryan Wagner.
13:38 of 3rd period - Stopped by Alex Lyon with a rebound.
13:56 of 3rd period - Dylan Samberg is hit by Zac Jones and loses puck.
14:11 of 3rd period - Slapshot by Dylan Samberg.
14:11 of 3rd period - Shot Blocked by Zac Jones.
14:36 of 3rd period - Minor Penalty to William Lagesson for Roughing.
14:37 of 3rd period - Oskar Back wins face-off versus Elmer Soderblom in Barracuda zone.
14:39 of 3rd period - Snap shot by Logan Brown.
14:39 of 3rd period - Deflect By Kirill Marchenko.
14:39 of 3rd period - Stopped by Michael Houser without a rebound.
14:40 of 3rd period - Oskar Back wins face-off versus Elmer Soderblom in Barracuda zone.
14:51 of 3rd period - Snap shot by Logan Brown.
14:51 of 3rd period - Shot Misses the Net.
14:53 of 3rd period - Slapshot by Adam Clendening.
14:53 of 3rd period - Shot Blocked by Tyler Kleven.
14:55 of 3rd period - Slapshot by Adam Clendening.
14:55 of 3rd period - Shot Blocked by Tyler Kleven.
15:37 of 3rd period - Zac Jones is hit by Kaiden Guhle and loses puck.
16:05 of 3rd period - Mark Friedman is hit by Elmer Soderblom and loses puck.
16:16 of 3rd period - Rudolfs Balcers is hit by Adam Clendening.
16:36 of 3rd period - Penalty to William Lagesson is over, William Lagesson is back on ice.
16:45 of 3rd period - Off-side.
16:46 of 3rd period - Henry Bowlby wins face-off versus Tanner Fritz in neutral zone.
16:48 of 3rd period - Minor Penalty to Zac Jones for Hooking.
16:49 of 3rd period - Oskar Back wins face-off versus Elmer Soderblom in Wolf Pack zone.
18:48 of 3rd period - Penalty to Zac Jones is over, Zac Jones is back on ice.
Goals for this period are 0 for Barracuda vs 1 for Wolf Pack.
Shots for this period are 4 for Barracuda vs 3 for Wolf Pack.